Map: Catalyst LE

Players

Gemini

  • Race: Protoss Protoss
  • League: Master
  • Spawn Location: 5:00

A.I. 1 (Very Easy) - Winner!

  • Race: Protoss Protoss
  • Spawn Location: 11:00

VOD

Have the link to the VOD?

Description

Time

  • Played on: June 18, 2018, 12:29 a.m.
  • Length: 8:27
Show
View Real Time Build Order
Export as new Build Order

Gemini Protoss 

Build Orders: Oracle Opening, Zealot Archon 

Get SALT Encoding   

  12  0:00  Probe  
  13  0:13  Probe  
  14  0:17  Pylon  
  14  0:24  Probe  
  15  0:32  Probe  
  15  0:38  Gateway  
  15  0:40  Probe  
  16  0:48  Assimilator  
  17  0:51  Probe  
  17  0:56  Assimilator  
  18  1:03  Probe  
  19  1:13  Gateway  
  19  1:15  Probe  
  20  1:26  Cybernetics Core  
  20  1:27  Probe  
  21  1:35  Pylon  
  21  1:39  Probe  
  22  1:51  Probe  
  23  1:54  Adept x2  
  23  2:03  Warp Gate  
  23  2:04  Probe  
  28  2:14  Pylon  
  28  2:22  Stargate  
  28  2:31  Adept  
  28  2:34  Adept  
  32  2:46  Pylon  
  32  2:55  Oracle  
  32  3:02  Adept x2  
  39  3:30  Nexus  
  39  3:40  Oracle  
  42  3:44  Probe  
  43  3:56  Probe  
  44  4:03  Robotics Facility  
  44  4:08  Probe  
  45  4:18  Pylon  
  45  4:25  Probe  
  45  4:30  Shield Battery  
  46  4:38  Probe x2  
  47  4:45  Stalker  
  50  4:46  Stalker, Probe  
  50  4:49  Immortal  
  50  4:50  Probe  
  58  5:03  Probe  
  58  5:04  Probe  
  60  5:09  Sentry  
  62  5:15  Probe  
  62  5:16  Probe  
  62  5:20  Forge  
  64  5:28  Observer, Probe x2  
  66  5:33  Twilight Council  
  66  5:35  Assimilator  
  67  5:37  Assimilator  
  67  5:39  Protoss Ground Weapons Level 1  
  67  5:40  Probe x2  
  69  5:44  Pylon  
  69  5:47  Pylon  
  69  5:55  Probe  
  70  6:02  Immortal, Probe  
  75  6:07  Probe  
  76  6:14  Charge, Probe  
  77  6:20  Gateway x2  
  77  6:25  Gateway  
  77  6:29  Gateway  
  77  6:35  Gateway  
  77  6:40  Gateway  
  77  6:42  Immortal  
  77  6:46  Templar Archives  
  81  6:58  Pylon  
  81  7:10  Pylon  
  81  7:11  Warp Prism  
  83  7:25  High Templar x2  
  83  7:26  High Templar x2  
  91  7:31  Archon x2, Nexus  
  91  7:34  Pylon  
  91  7:38  Zealot x2  
  91  7:42  Zealot x2  
  99  7:54  Pylon  
  99  8:03  High Templar  
  99  8:04  Zealot x3, High Templar  
  109  8:07  Archon  
  109  8:11  Pylon x2  
  109  8:21  Zealot x3  
Show
View Real Time Build Order
Export as new Build Order

A.I. 1 (Very Easy) Protoss - Winner!

Build Orders:  

Get SALT Encoding   

  12  0:00  Probe  
  13  0:13  Probe  
  14  0:21  Pylon  
  14  0:36  Assimilator  
  14  0:43  Gateway  
  14  0:46  Pylon  
  14  1:13  Assimilator  
  14  1:16  Probe  
  14  1:24  Probe  
  15  1:32  Probe, Cybernetics Core  
  17  1:43  Probe  
  18  1:54  Probe  
  18  1:58  Warp Gate  
  19  2:02  Probe  
  20  2:10  Stalker  
  22  4:05  Stalker  
  22  4:06  Probe  
  22  4:09  Pylon  
  8  4:18  Probe  
  9  4:30  Probe  
  10  4:33  Zealot  
  12  4:42  Probe  
  13  4:54  Probe  
  10  5:02  Stalker  
  10  5:04  Probe  
  12  5:12  Probe  
  12  5:21  Probe  
  13  5:24  Robotics Facility  
  14  5:33  Probe  
  15  5:45  Probe  
  16  5:56  Zealot  
  18  5:57  Probe  
  15  6:06  Probe  
  13  6:11  Observer  
  13  6:14  Probe  
  13  6:23  Probe  
  16  6:33  Observer  
  16  6:35  Probe  
  17  6:47  Probe  
  17  6:49  Zealot  
  20  6:59  Probe  
  21  7:08  Probe  
  22  7:16  Probe  
  19  7:26  Probe  
  20  7:38  Probe  
  20  7:43  Stalker  
  23  7:50  Probe  
  24  8:02  Probe  
  25  8:10  Probe  
Tags
 
Composition
Zealot Archon
League
Master
Matchup
PvP
Spawn Locations
Cross Positions
Add a new tag
Caveats
  • Supply blocks, unpowered buildings, or Contaminate may cause inaccurate times.
  • Supply counts are checked every 10 seconds.